 Dungeon Crawl Stone Soup version 0.20-a0-947-g2784f4f (webtiles) character file.

120 Duffy the Chopper (level 5, 49/49 HPs)
             Began as a Naga Fighter on Apr 2, 2017.
             Quit the game on level 3 of the Dungeon.
             The game lasted 00:01:45 (2074 turns).

Duffy the Chopper (Naga Fighter)                    Turns: 2074, Time: 00:01:46

Health: 49/49      AC:  5    Str: 19    XL:     5   Next: 4%
Magic:  5/5        EV:  5    Int:  9    God:
Gold:   51         SH:  9    Dex: 10    Spells: 4/4 levels left

rFire    . . .     SeeInvis +   a - +0 war axe
rCold    . . .     Gourm    .   c - +0 shield
rNeg     . . .     Faith    .   b - +0 scale mail
rPois    +         Spirit   .   (no helmet)
rElec    .         Reflect  .   (no cloak)
rCorr    .         Harm     .   (no gloves)
MR       .....                  (no barding)
Stlth    ..........             (no amulet)
Regen    0.2/turn               r - ring of loudness (curse)
MPRegen  0.1/turn               (no ring)

@: very slow
A: see invisible, deformed body, poison resistance, slowness 2, slow metabolism
1, spit poison 1, AC +1
a: Spit Poison


You were on level 3 of the Dungeon.
You were hungry.

You visited 1 branch of the dungeon, and saw 3 of its levels.

You collected 51 gold pieces.

Inventory:

Hand Weapons
 a - a +0 war axe (weapon)
Missiles
 n - a throwing net (quivered)
Armour
 b - a +0 scale mail (worn)
 c - a +0 shield (worn)
Jewellery
 r - a cursed ring of loudness (left hand)
Wands
 m - a wand of random effects (0/48)
Scrolls
 e - a scroll of random uselessness {unknown}
 i - 2 scrolls of remove curse {unknown}
 j - a scroll of teleportation {unknown}
 p - 2 scrolls of identify {unknown}
 s - a scroll of amnesia {unknown}
Potions
 d - a potion of might
 g - a potion of agility {unknown}
 h - 2 potions of lignification {unknown}
 k - a potion of heal wounds {unknown}
 l - a potion of flight {unknown}
 o - a potion of brilliance {unknown}
 q - a potion of curing {unknown}
Comestibles
 f - a bread ration


   Skills:
 - Level 3.0 Fighting
 + Level 3.7 Axes
 - Level 2.4 Armour
 + Level 3.7 Shields


You had 4 spell levels left.
You didn't know any spells.

Dungeon Overview and Level Annotations

Branches:
Dungeon (3/15)

Altars:


Innate Abilities, Weirdness & Mutations

You cannot wear boots.
Your serpentine skin is tough. (AC +1)
You have supernaturally acute eyesight. (SInv)
Armour fits poorly on your strangely shaped body.
Your system is resistant to poisons. (rPois)
You cover ground very slowly.
You have a slow metabolism.
You can spit poison.


Message History

The orc shouts!
There is a stone staircase leading up here.
The orc barely misses you.
Found a scroll labeled WIUDAHIEPN.
You closely miss the orc. The orc hits you with a hand axe.
The orc hits you but does no damage.
You slash the orc!
You kill the orc!
No target in view!
No target in view!
p - 2 scrolls labeled WIUDAHIEPN (gained 1)
Found a scroll labeled PIX PINODWI.
HP restored.
s - a scroll labeled PIX PINODWI A leopard gecko comes into view.
The leopard gecko hisses angrily.
A leopard gecko comes into view.
There are monsters nearby!
There are monsters nearby!
Are you sure you want to abandon this character and quit the game? (Confirm with "yes".)

##....#
..~#....#
#~l#.####
#l~#.#
#~.#.#
#~~#.#
#~~#.#
#~.#.#
#~~@.#
#~~~.#
##...#
#####


You could see 2 leopard geckos.

Vanquished Creatures
  Ijyb (D:2)
  2 gnolls (D:2)
  An adder (D:2)
  An ooze (D:1)
  2 worms (D:2)
  3 dart slugs
  An orc (D:3)
  9 bats
  2 giant cockroaches
  9 goblins
  5 hobgoblins (D:1)
  2 quokkas (D:2)
  3 frilled lizards
  6 kobolds
  4 rats
51 creatures vanquished.

Notes
Turn   | Place    | Note
-------+----------+-------------------------------------------
     0 | D:1      | Duffy the Naga Fighter began the quest for the Orb.
     0 | D:1      | Reached XP level 1. HP: 21/21 MP: 1/1
   107 | D:1      | Reached XP level 2. HP: 28/28 MP: 2/2
   876 | D:1      | Reached XP level 3. HP: 34/34 MP: 3/3
  1417 | D:2      | Noticed Ijyb
  1424 | D:2      | Reached XP level 4. HP: 39/42 MP: 4/4
  1440 | D:2      | Killed Ijyb
  1808 | D:2      | Reached XP level 5. HP: 22/49 MP: 5/5
  2074 | D:3      | Quit the game

Vault maps used:
D:1:      ncdulo_wetmaze, serial_glass, glass_columns_b, glass_columns_b
D:2:      kennysheep_the_goblin_king
D:3:      grunt_temple_overflow_growth_and_decay, gup_sewer_entry_pipe

Skill      XL: |  1  2  3 |
---------------+----------+-----
Shields        | 3 |  3.7
Axes           | 3 |  3.7
Fighting       | |  3.0
Armour         | |  2.4

Action                   |  1- 3 |  4- 6 || total
-------------------------+-------+-------++-------
Melee: War axe           |    74 |    36 ||   110
Evoke: Wand              |       |     6 ||     6
 Stab: Confused          |       |     1 ||     1
       Paralysed         |       |     1 ||     1
  Eat: Chunk             |     1 |     1 ||     2
Armor: Scale mail        |    30 |    17 ||    47
Dodge: Dodged            |     9 |    16 ||    25
Block: Shield            |    34 |    27 ||    61
